 Dungeon Crawl Stone Soup version 0.21-a0-625-g1119ec1 (webtiles) character file.

129 tsouns the Grasshopper (level 5, -2/43 HPs)
             Began as a Gnoll Warper on Dec 24, 2017.
             Succumbed to a gnoll's poison
             ... on level 2 of the Dungeon.
             The game lasted 00:05:04 (1467 turns).

tsouns the Grasshopper (Gnoll Warper)               Turns: 1467, Time: 00:05:04

Health: -2/43      AC:  5    Str: 13    XL:     5   Next: 12%
Magic:  12/12      EV: 20    Int: 16    God:
Gold:   97         SH:  0    Dex: 20    Spells: 12/14 levels left

rFire    . . .     SeeInvis .   a - +0 hand axe
rCold    . . .     Gourm    .   (no shield)
rNeg     . . .     Faith    .   b - +0 leather armour
rPois    .         Spirit   .   j - +1 helmet
rElec    .         Reflect  .   (no cloak)
rCorr    .         Harm     .   (no gloves)
MR       .....                  (no boots)
Stlth    +++.......             (no amulet)
HPRegen  0.14/turn              (no ring)
MPRegen  0.13/turn              (no ring)

@: agile, lethally poisoned (-2 -> -42), flying
A: distributed training, fangs 1, strong nose
a: no special abilities


You were on level 2 of the Dungeon.
You were not hungry.

You visited 1 branch of the dungeon, and saw 2 of its levels.

You collected 97 gold pieces.

Inventory:

Hand Weapons
 a - a +0 hand axe (weapon)
Missiles
 e - 5 tomahawks of dispersal (quivered)
 l - 24 stones
Armour
 b - a +0 leather armour (worn)
 j - a +1 helmet (worn)
 o - a +0 large shield
 s - a +0 shield
Scrolls
 d - a scroll of blinking
Potions
 h - a potion of degeneration
 i - a potion of cancellation {unknown}
 k - a potion of flight
 n - a potion of invisibility {unknown}
 q - 2 potions of resistance {unknown}
 r - a potion of magic {unknown}
Books
 c - a book of Spatial Translocations

   Spells                             Type                      Level
   a - Blink                          Translocation                2
   b - Shroud of Golubria             Charms/Translocation         2
   c - Lesser Beckoning               Translocation                3
   d - Gell's Gravitas                Translocation                3
   e - Teleport Other                 Translocation                3
   f - Passage of Golubria            Translocation                4
Comestibles
 f - 9 rations
 m - 2 chunks of flesh


   Skills:
 + Level 4.7 Fighting
 + Level 1.3 Short Blades
 + Level 1.3 Long Blades
 + Level 4.7 Axes
 + Level 1.3 Maces & Flails
 + Level 1.3 Polearms
 + Level 1.3 Staves
 + Level 1.3 Slings
 + Level 1.3 Bows
 + Level 1.3 Crossbows
 + Level 2.9 Throwing
 + Level 2.9 Armour
 + Level 4.7 Dodging
 + Level 1.3 Stealth
 + Level 1.3 Shields
 + Level 1.3 Unarmed Combat
 + Level 5.1 Spellcasting
 + Level 1.1 Conjurations
 + Level 1.1 Hexes
 + Level 1.1 Charms
 + Level 1.1 Summonings
 + Level 1.1 Necromancy
 + Level 5.5 Translocations
 + Level 1.1 Transmutations
 + Level 1.1 Fire Magic
 + Level 1.1 Ice Magic
 + Level 1.1 Air Magic
 + Level 1.1 Earth Magic
 + Level 1.1 Poison Magic
 + Level 1.5 Invocations
 + Level 1.3 Evocations


You had 12 spell levels left.
You knew the following spells:

 Your Spells              Type           Power        Failure   Level  Hunger
a - Blink                 Tloc           N/A          3%          2    #......


Dungeon Overview and Level Annotations

Branches:
Dungeon (2/15)

Altars:
Hepliaklqana
Makhleb


Innate Abilities, Weirdness & Mutations

Your experience applies equally to all skills.
You have very sharp teeth.
Your uncanny sense of smell can sniff out nearby items.


Message History

You feel sick.
The gnoll hits you with a halberd of venom!
* * * LOW HITPOINT WARNING * * *
You are more poisoned.
You hit the gnoll.
The gnoll is almost dead.
* * * LOW HITPOINT WARNING * * *
You feel very sick.
The gnoll hits you with a halberd of venom.
* * * LOW HITPOINT WARNING * * *
You are more poisoned.
It was a potion of agility.
You feel agile all of a sudden.
* * * LOW HITPOINT WARNING * * *
You feel very sick. The gnoll completely misses you.
It was a potion of flight.
You feel very buoyant.
You fly up into the air.
You die...

........# ∆ #.......#.....
........# ∆ #.......#.....
#......## #.....^.#.....
+......# ##.....###....
#......# ### ##...## ##...
###+##.# #.##+#######'#######)#
#.#####.....................
#...........................
#.#######.....@................
.......)..<##g#######'#######'#
#.######.###.. ##...## ##...
#.##... ##.....###.... #.#.[..
#.......#..... #.#....
#.......#..... #.#...(
#.......#..... #.##...
##.....###.... .######.###
##...## ##...


You could see a gnoll.

Vanquished Creatures
  A hound (D:2)
  A worker ant (D:2)
  2 adders (D:2)
  An ooze (D:1)
  2 worms (D:2)
  3 dart slugs
  8 bats
  4 giant cockroaches
  3 goblins
  5 hobgoblins
  6 kobolds
  6 frilled lizards
  2 rats
44 creatures vanquished.

Notes
Turn   | Place    | Note
-------+----------+-------------------------------------------
     0 | D:1      | tsouns the Gnoll Warper began the quest for the Orb.
     0 | D:1      | Reached XP level 1. HP: 20/20 MP: 6/6
    74 | D:1      | Reached XP level 2. HP: 21/26 MP: 7/7
    78 | D:1      | Learned a level 2 spell: Blink
   455 | D:1      | Reached XP level 3. HP: 31/31 MP: 9/9
   506 | D:1      | Reached skill level 5 in Spellcasting
   846 | D:2      | Found a burning altar of Makhleb.
   855 | D:2      | Reached skill level 1 in Short Blades
   855 | D:2      | Reached skill level 1 in Long Blades
   855 | D:2      | Reached skill level 1 in Maces & Flails
   855 | D:2      | Reached skill level 1 in Polearms
   855 | D:2      | Reached skill level 1 in Staves
   855 | D:2      | Reached skill level 1 in Slings
   855 | D:2      | Reached skill level 1 in Bows
   855 | D:2      | Reached skill level 1 in Crossbows
   855 | D:2      | Reached skill level 1 in Stealth
   855 | D:2      | Reached skill level 1 in Shields
   855 | D:2      | Reached skill level 1 in Unarmed Combat
   855 | D:2      | Reached skill level 1 in Invocations
   855 | D:2      | Reached skill level 1 in Evocations
   855 | D:2      | Reached XP level 4. HP: 33/38 MP: 11/11
   893 | D:2      | Found a hazy altar of Hepliaklqana.
  1069 | D:2      | Reached skill level 1 in Conjurations
  1069 | D:2      | Reached skill level 1 in Hexes
  1069 | D:2      | Reached skill level 1 in Charms
  1069 | D:2      | Reached skill level 1 in Summonings
  1069 | D:2      | Reached skill level 1 in Necromancy
  1069 | D:2      | Reached skill level 1 in Transmutations
  1069 | D:2      | Reached skill level 1 in Fire Magic
  1069 | D:2      | Reached skill level 1 in Ice Magic
  1069 | D:2      | Reached skill level 1 in Air Magic
  1069 | D:2      | Reached skill level 1 in Earth Magic
  1069 | D:2      | Reached skill level 1 in Poison Magic
  1178 | D:2      | Reached XP level 5. HP: 34/43 MP: 12/12
  1466 | D:2      | HP: 1/43 [poisoned by a gnoll]
  1467 | D:2      | Succumbed to a gnoll's poison

Vault maps used:
D:1:      sevenhm_arrival_forest_fort_small_4, minmay_misc_feat_chi
D:2:      kennysheep_six_static_rooms, lemuel_crystal_altar,
          makhleb_heckhound_becter

Skill      XL: |  1  2  3  4 |
---------------+-------------+-----
Spellcasting   | 5 |  5.1
Short Blades   | 1 |  1.3
Long Blades    | 1 |  1.3
Maces & Flails | 1 |  1.3
Polearms       | 1 |  1.3
Staves         | 1 |  1.3
Slings         | 1 |  1.3
Bows           | 1 |  1.3
Crossbows      | 1 |  1.3
Stealth        | 1 |  1.3
Shields        | 1 |  1.3
Unarmed Combat | 1 |  1.3
Invocations    | 1 |  1.5
Evocations     | 1 |  1.3
Conjurations   | 1 |  1.1
Hexes          | 1 |  1.1
Charms         | 1 |  1.1
Summonings     | 1 |  1.1
Necromancy     | 1 |  1.1
Transmutations | 1 |  1.1
Fire Magic     | 1 |  1.1
Ice Magic      | 1 |  1.1
Air Magic      | 1 |  1.1
Earth Magic    | 1 |  1.1
Poison Magic   | 1 |  1.1
Fighting       | |  4.7
Axes           | |  4.7
Throwing       | |  2.9
Armour         | |  2.9
Dodging        | |  4.7
Translocations | |  5.5

Action                   |  1- 3 |  4- 6 || total
-------------------------+-------+-------++-------
Melee: Hand axe          |    98 |    66 ||   164
       Bite              |     6 |    10 ||    16
       Punch             |     1 |       ||     1
  Use: Scroll            |     1 |     4 ||     5
       Potion            |       |     2 ||     2
 Stab: Sleeping          |       |     3 ||     3
       Distracted        |       |     1 ||     1
  Eat: Chunk             |       |     2 ||     2
Armor: Leather armour    |    25 |     5 ||    30
Dodge: Dodged            |    73 |    37 ||   110

Table legend:
 A = Spawn XP
 B = Non-spawn XP
 C = Spawn XP percentage of total XP
 D = Spawn monster count
 E = Non-spawn monster count
 F = Spawn count percentage of total count
 G = Total turns spent on level
                    A         B        C        D         E        F      G
               +---------+---------+-------+---------+---------+-------+---------
         Total |       0 |     185 |   0.0 |       0 |      44 |   0.0 |  1467
               +---------+---------+-------+---------+---------+-------+---------
           D:1 |       0 |      47 |   0.0 |       0 |      24 |   0.0 |   827
           D:2 |       0 |     138 |   0.0 |       0 |      20 |   0.0 |   640
               +---------+---------+-------+---------+---------+-------+---------
